 Dungeon Crawl Stone Soup version 0.30-a0-424-g7412bad402 (webtiles) character file.

Game seed: 4427485285938743905

160 Bnni the Shield-Bearer (level 5, 0/43 HPs)
             Began as a Formicid Fighter on Dec 9, 2022.
             Slain by a kobold brigand
             ... wielding a +2 whip of freezing
              (4 damage)
             ... in a sewer.
             The game lasted 00:02:05 (2129 turns).

Bnni the Shield-Bearer (Formicid Fighter)           Turns: 2129, Time: 00:02:07

Health: 0/43       AC:  6    Str: 28    XL:     5   Next: 69%
Magic:  5/5        EV:  9    Int:  8    God:
Gold:   108        SH:  5    Dex: 13    Spells: 4/4 levels left

rFire   . . .      SeeInvis +    a - +0 war axe
rCold   . . .      Faith    .    c - +0 buckler
rNeg    . . .      Spirit   .    b - +0 scale mail
rPois   .          Reflect  .    (helmet unavailable)
rElec   .          Harm     .    (no cloak)
rCorr   .          Rampage  .    (no gloves)
Will    .....                    (no boots)
Stlth   ..........               (no amulet)
HPRegen 0.27/turn                h - +6 ring of strength
MPRegen 0.09/turn                (no ring)

@: mighty, very slow
A: permanent stasis, dig shafts and tunnels, antennae 3, four strong arms
a: Dig


You were in a sewer.
You visited 1 branch of the dungeon, and saw 3 of its levels.
You also visited: Sewer.

You collected 108 gold pieces.

Inventory:

Hand Weapons
 a - a +0 war axe (weapon)
Missiles
 f - 17 poisoned darts
Armour
 b - a +0 scale mail (worn)
 c - a +0 buckler (worn)
Jewellery
 h - a +6 ring of strength (left hand)
Wands
 j - a wand of mindburst (48)
Scrolls
 g - 4 scrolls of identify {unknown}
 l - a scroll of poison {unknown}
Potions
 e - a potion of curing {unknown}
 i - a potion of haste {unknown}
 k - a potion of heal wounds
 m - a potion of attraction {unknown}
 n - a potion of cancellation {unknown}


   Skills:
 + Level 4.3 Fighting
 * Level 4.1 Axes
 - Level 3.2 Armour
 - Level 5.0 Shields


You had 4 spell levels left.
You didn't know any spells.
Your spell library contained the following spells:

 Spells                   Type           Power      Damage    Failure   Level
 Static Discharge         Conj/Air       0%         2-2/arc   86%         2
 Vhi's Electric Charge    Tloc/Air       0%         N/A       98%         3
 Arcjolt                  Conj/Air       0%         1d10      100%        5
 Lightning Bolt           Conj/Air       0%         1d11      100%        5


Dungeon Overview and Level Annotations

Branches:
Dungeon (3/15)              Sewer (1/1)

Altars:
Ashenzari

Shops:
D:2 ?


Innate Abilities, Weirdness & Mutations

You cannot be hasted, slowed, berserked, paralysed or teleported.
You can dig through walls and to a lower floor.
You have a pair of large antennae on your head. (SInv)
Your four strong arms can wield two-handed weapons with a shield.


Message History

The kobold splashes around in the water.
The kobold hits you with a +0 short sword.
You are too injured to fight recklessly!
You are too injured to fight recklessly!
Unknown command.
Your unstable footing causes you to fumble your attack.
You feel very sick.
The kobold brigand splashes around in the water.
The kobold hits you but does no damage.
Unknown command.
It was a potion of heal wounds.
You feel much better.
You feel sick.
The kobold splashes around in the water.
The kobold brigand barely misses you.
Your unstable footing causes you to fumble your attack.
You feel sick.
The kobold splashes around in the water.
The kobold brigand hits you but does no damage.
You closely miss the kobold brigand. You hit the kobold.
You kill the kobold!
You hear a splash.
You feel sick.
The kobold brigand completely misses you.
You block the kobold brigand's attack.
Your unstable footing causes you to fumble your attack.
You feel sick.
The kobold brigand hits you with a +2 whip of freezing.
The kobold brigand freezes you.
You slash the kobold brigand!
The kobold brigand is heavily wounded.
You feel sick.
The kobold brigand hits you with a +2 whip of freezing.
The kobold brigand freezes you.
You slash the kobold brigand!
The kobold brigand is almost dead.
You feel sick.
You are no longer poisoned.
The kobold brigand hits you with a +2 whip of freezing!
* * * LOW HITPOINT WARNING * * *
The kobold brigand freezes you.
You die...

.~~~~.# ..~.~~#
....~.## ## ~~.....##
#####~~~~{
..##..~.####.~~.~#
~####.~.....~###~~~~{
~## #..~~~.~~# #######
~~####.~..~~~###~)~~.#
~~~.########~.~~@#
~~~~.# #####~K~~.#
#~~~~# ####### ##.~.#
#.~.# #.~.# ##~.~##
#~~~~~# #~###~#


You could see a kobold brigand.

Vanquished Creatures
  A kobold brigand (Sewer)
  4 adders
  2 worms
  2 bats
  5 endoplasms
  4 giant cockroaches
  2 hobgoblins
  6 kobolds
  4 quokkas
  4 ball pythons
  2 frilled lizards (D:2)
  6 goblins
  3 rats
45 creatures vanquished.

Notes
Turn   | Place    | Note
-------+----------+-------------------------------------------
     0 | D:1      | Bnni the Formicid Fighter began the quest for the Orb.
     0 | D:1      | Reached XP level 1. HP: 18/18 MP: 1/1
   197 | D:1      | Reached XP level 2. HP: 24/24 MP: 2/2
   225 | D:1      | Found a faded altar of an unknown god.
   684 | D:1      | Found a broken altar of Ashenzari.
   740 | D:2      | Found Urghohae's Magic Scroll Shoppe.
   761 | D:2      | Reached XP level 3. HP: 28/29 MP: 3/3
  1596 | D:3      | Reached XP level 4. HP: 37/37 MP: 4/4
  1642 | D:3      | Reached skill level 5 in Shields
  1665 | D:3      | Found a glowing drain.
  1682 | Sewer    | Entered a sewer
  1838 | Sewer    | Noticed a kobold brigand
  1868 | Sewer    | Killed a kobold brigand
  1869 | Sewer    | Reached XP level 5. HP: 6/43 MP: 5/5
  2118 | Sewer    | Noticed a kobold brigand
  2129 | Sewer    | Slain by a kobold brigand

Illustrated notes

Levels and vault maps discovered:
D:1:      dpeg_arrival_water_altar, layout_basic, shapermc_ecumenical_altar_gd,
          minmay_tetromino_o2
D:2:      layout_basic, serial_shops, nicolae_shop_waterfront
D:3:      layout_loops_corners, regret_index_temple_of_mockery,
          gup_sewer_entry_pipe, serial_shops,
          nicolae_shop_competitors_out_of_business, minivault_25, uniq_sigmund,
          uniq_robin
Sewer:    sewer_co_tree

Skill      XL: |  1  2  3  4 |
---------------+-------------+-----
Shields        | 5 |  5.0
Axes           | 4 |  4.1
Fighting       | 4 |  4.3
Armour         | |  3.2

Action                   |  1- 3 |  4- 6 || total
-------------------------+-------+-------++-------
Melee: War axe           |    67 |    97 ||   164
  Use: Potion            |       |     3 ||     3
Armor: Scale mail        |    25 |    37 ||    62
Dodge: Dodged            |    32 |    47 ||    79
Block: Buckler           |    15 |    21 ||    36

Table legend: (Time is in decaauts)
 A = Elapsed time spent in this place.
 B = Non-inter-level travel time spent in this place.
 C = Inter-level travel time spent in this place.
 D = Time resting spent in this place.
 E = Time spent auto-exploring this place.
 F = Levels seen in this place.
 G = Mean time per level.
                   A        B        C        D        E       F      G
               +--------+--------+--------+--------+--------+-----+--------+
         Total |   2271 |   2257 |     14 |    129 |   1712 |   4 |  567.8 |
       Dungeon |   1722 |   1708 |     14 |      0 |   1458 |   3 |  574.0 |
         Sewer |    548 |    548 |      0 |    129 |    254 |   1 |  548.0 |
               +--------+--------+--------+--------+--------+-----+--------+

Top non-repeatable levels by time:
     D:2: 915 daAuts
     D:1: 705 daAuts
   Sewer: 548 daAuts
     D:3: 102 daAuts
